 Dungeon Crawl Stone Soup version 0.21.0 (webtiles) character file.

36 tidbits the Sneak (level 3, 14/14 HPs)
             Began as a Felid Earth Elementalist on Jan 6, 2018.
             Quit the game on level 3 of the Dungeon.
             The game lasted 00:03:53 (520 turns).

tidbits the Sneak (Felid Earth Elementalist)         Turns: 520, Time: 00:03:54

Health: 14/14      AC:  1    Str:  4    XL:     3   Next: 19%
Magic:  7/7        EV: 18    Int: 17    God:
Gold:   28         SH:  0    Dex: 16    Spells: 3/6 levels left
                                        Lives:  0   Deaths: 1

rFire    . . .     SeeInvis +     - Unarmed
rCold    . . .     Gourm    .   (shield unavailable)
rNeg     . . .     Faith    .   (armour unavailable)
rPois    .         Spirit   .   (helmet unavailable)
rElec    .         Reflect  .   (cloak unavailable)
rCorr    .         Harm     .   (gloves unavailable)
MR       .....                  (boots unavailable)
Stlth    +++.......             (no amulet)
HPRegen  0.04/turn              (no ring)
MPRegen  0.10/turn              (no ring)

@: quick
A: very small, no armour, no weapons or thrown items, stealth, claws 1, fangs 3,
see invisible, carnivore, speed 1, shaggy fur 1, slow metabolism 1, sharp paws
a: no special abilities


You were on level 3 of the Dungeon.
You were not hungry.

You visited 1 branch of the dungeon, and saw 3 of its levels.

You collected 28 gold pieces.

Inventory:

Missiles
 b - 21 stones
Wands
 e - a wand of polymorph (14)
Scrolls
 f - a scroll of remove curse
Books
 d - a book of Geomancy

   Spells                             Type                      Level
   a - Sandblast                      Earth                        1
   b - Passwall                       Transmutation/Earth          2
   c - Stone Arrow                    Conjuration/Earth            3
   d - Petrify                        Transmutation/Earth          4
   e - Lee's Rapid Deconstruction     Earth                        5
Comestibles
 c - 3 rations


   Skills:
 - Level 2.6 Dodging
 + Level 4.9 Stealth
 + Level 2.6 Unarmed Combat
 - Level 2.0 Spellcasting
 - Level 1.1 Transmutations
 - Level 2.6 Earth Magic


You had 3 spell levels left.
You knew the following spells:

 Your Spells              Type           Power        Failure   Level  Hunger
a - Sandblast             Erth           ##....       6%          1    #......
p - Passwall              Tmut/Erth      #.........   14%         2    ###....


Dungeon Overview and Level Annotations

Branches:
Dungeon (3/15)

Altars:
Gozag

Annotations:
D:3 Natasha


Innate Abilities, Weirdness & Mutations

You cannot wear armour.
You are incapable of wielding weapons or throwing items.
Your paws allow you to move quietly. (Stealth)
You have sharp claws.
You have razor-sharp teeth.
You have supernaturally acute eyesight. (SInv)
You are carnivorous and can eat meat at any time.
You cover ground quickly.
You are covered in fur. (AC +1)
You have a slow metabolism.
Your sharp claws are effective at attacking unaware monsters.


Message History

A goblin comes into view. It is wielding a dagger of speed.
The goblin closely misses you.
You barely miss the goblin.
The goblin hits you with a dagger of speed.
* * * LOW HITPOINT WARNING * * *
Casting: Sandblast
Confirm with . or Enter, or press ? or * to list all spells.
Aiming: Sandblast
Press: ? - help, Shift-Dir - straight line, f - goblin
Aim: a goblin, wielding a dagger of speed The blast of sand misses the goblin.
b - 27 stones The goblin misses you.
Casting: Sandblast
Confirm with . or Enter, or press ? or * to list all spells.
Aiming: Sandblast
Press: ? - help, Shift-Dir - straight line, f/p - goblin
Aim: a goblin, wielding a dagger of speed The blast of sand hits the goblin.
You kill the goblin!
b - 26 stones
As you read the scroll labeled ZUGOPA FOLIG, it crumbles to dust.
It is a scroll of identify.
f - a scroll of remove curse
Casting: Sandblast
Confirm with . or Enter, or press ? or * to list all spells.
Aiming: Sandblast
Press: ? - help, Shift-Dir - straight line, f - orc
Aim: an orc, wielding a mace The blast of sand hits the orc.
You kill the orc!
b - 25 stones
Things that are here:
a mace; a dagger of speed
Casting: Sandblast
Confirm with . or Enter, or press ? or * to list all spells.
Aiming: Sandblast
Press: ? - help, Shift-Dir - straight line, f - orc wizard
Aim: an orc wizard, wielding a dagger and wearing a robe The blast of sand misses the orc wizard.
b - 24 stones The orc wizard misses you.
Casting: Sandblast
Confirm with . or Enter, or press ? or * to list all spells.
Aiming: Sandblast
Press: ? - help, Shift-Dir - straight line, f/p - orc wizard
Aim: an orc wizard, wielding a dagger and wearing a robe The blast of sand hits the orc wizard.
b - 23 stones The orc completely misses you.
The orc wizard hits you with a dagger.
* * * LOW HITPOINT WARNING * * *
Casting: Sandblast
Confirm with . or Enter, or press ? or * to list all spells.
Aiming: Sandblast
Press: ? - help, Shift-Dir - straight line, f/p - orc wizard
Aim: an orc wizard, wielding a dagger and wearing a robe The blast of sand hits the orc wizard.
The orc wizard is severely wounded.
b - 22 stones The orc shouts!
The orc wizard hits you but does no damage.
The orc misses you.
Casting: Sandblast
Confirm with . or Enter, or press ? or * to list all spells.
Aiming: Sandblast
Press: ? - help, Shift-Dir - straight line, f/p - orc wizard
Aim: an orc wizard, wielding a dagger and wearing a robe (severely wounded)
The blast of sand hits the orc wizard.
The orc wizard is almost dead.
b - 21 stones The orc hits you.
* * * LOW HITPOINT WARNING * * *
The orc wizard closely misses you. The orc completely misses you.
An orc comes into view. It is wielding a short sword.
Casting: Sandblast
Confirm with . or Enter, or press ? or * to list all spells.
You don't have enough magic to cast that spell.
The orc shouts!
You scratch the orc wizard.
You kill the orc wizard!
You have reached level 4!
Extra life!
You hear a shout!
The orc hits you.
* * * LOW HITPOINT WARNING * * *
The orc barely misses you.
You scratch the orc. Your claw misses the orc.
The orc is lightly wounded.
The orc completely misses you. The orc hits you but does no damage.
The orc misses you.
You barely miss the orc.
The orc is lightly wounded.
The orc misses you. x3
You scratch the orc.
The orc is severely wounded.
The orc completely misses you. The orc hits you with a flail!
You die...
You are now level 3!
You rejoin the land of the living...
Are you sure you want to abandon this character and quit the game? (Confirm with "yes".)

#######.......#
#.............#
...####.#####.#
# ......†.#
#.#####.## ####
...####.#
###........#
...h ..## #.#
#......####.
#.# #.#
#.####.# ..#
#.# #. #.# #.##
#.# # #@# ....
..# #.# #.###
.# #.# . #.#
#.# #. #.. #.#
## ... #.# .##
#.# ..#
######.#####
..#
............#


There were no monsters in sight!

Vanquished Creatures
  An orc wizard (D:3)
  2 adders
  A leopard gecko (D:3)
  6 orcs (D:3)
  A ball python (D:2)
  A giant cockroach (D:1)
  3 goblins
  2 hobgoblins (D:3)
  4 kobolds
  3 bats (D:3)
  3 frilled lizards
  4 rats
31 creatures vanquished.

Notes
Turn   | Place    | Note
-------+----------+-------------------------------------------
     0 | D:1      | tidbits the Felid Earth Elementalist began the quest for the Orb.
     0 | D:1      | Reached XP level 1. HP: 7/7 MP: 4/4
     9 | D:2      | Reached skill level 3 in Stealth
     9 | D:2      | Reached skill level 1 in Unarmed Combat
     9 | D:2      | Reached XP level 2. HP: 6/11 MP: 3/6
    13 | D:2      | Learned a level 2 spell: Passwall
    22 | D:3      | Noticed Natasha
   364 | D:3      | Reached skill level 4 in Stealth
   365 | D:3      | Reached XP level 3. HP: 14/14 MP: 7/7
   430 | D:3      | Reached skill level 2 in Unarmed Combat
   468 | D:3      | Found an opulent altar of Gozag.
   516 | D:3      | Reached XP level 4. HP: 3/18 MP: 0/8
   516 | D:3      | HP: 1/18 [orc (2)]
   519 | D:3      | Mangled by an orc
   520 | D:3      | Reached XP level 3. HP: -6/14 MP: 0/7
   520 | D:3      | Quit the game

Skill      XL: |  1  2  3 |
---------------+----------+-----
Stealth        | 3 4 |  4.9
Unarmed Combat | 1 2 |  2.6
Dodging        | |  2.6
Spellcasting   | |  2.0
Transmutations | |  1.1
Earth Magic    | |  2.6

Action                   |  1- 3 |  4- 6 || total
-------------------------+-------+-------++-------
Melee: Unarmed           |    27 |     3 ||    30
 Cast: Sandblast         |    26 |       ||    26
  Use: Scroll            |     1 |       ||     1
 Stab: Sleeping          |    15 |       ||    15
       Distracted        |     1 |       ||     1
  Eat: Chunk             |     4 |       ||     4
Armor: Skin              |       |     1 ||     1
Dodge: Dodged            |    36 |     7 ||    43

Table legend:
 A = Turns spent in this place as a percentage of turns spent in the entire game.
 B = Non-inter-level travel turns spent in this place as a percentage of non-inter-level travel turns spent in the entire game.
 C = Inter-level travel turns spent in this place as a percentage of turns spent in this place.
 D = Turns resting spent in this place as a percentage of non-inter-level travel turns spent in this place.
 E = Turns spent auto-exploring this place as a percentage of non-inter-level travel turns spent in this place.
 F = Non-inter-level travel turns spent in this place divided by the number of levels of this place that you've seen.
                   A       B       C       D       E      F
               +-------+-------+-------+-------+-------+----------------------
         Total | 100.0 | 100.0 |   0.0 |   0.0 |   0.0 | 173.3
       Dungeon | 100.0 | 100.0 |   0.0 |   0.0 |   0.0 | 173.3
               +-------+-------+-------+-------+-------+----------------------

Table legend:
 A = Kills in this place as a percentage of kills in entire the game.
 B = Kills by you in this place as a percentage of kills by you in the entire game.
 C = Kills by friends in this place as a percentage of kills by friends in the entire game.
 D = Other kills in this place as a percentage of other kills in the entire game.
 E = Experience gained in this place as a percentage of experience gained in the entire game.
 F = Experience gained in this place divided by the number of levels of this place that you have seen.
                   A       B       C       D       E      F
               +-------+-------+-------+-------+-------+----------------------
         Total | 100.0 | 100.0 |   N/A |   N/A | 100.0 |  39.3
       Dungeon | 100.0 | 100.0 |   N/A |   N/A | 100.0 |  39.3
               +-------+-------+-------+-------+-------+----------------------

Vault maps used:
D:1:      dpeg_arrival_pits
D:2:      first_ration, minivault_23
D:3:      nicolae_overflow_hidden_temple, uniq_natasha
